 Dungeon Crawl Stone Soup version 0.28.0-45-g0d030f2227 (webtiles) character file.

Game seed: 17829024013937147126

1988 101zpm the Thaumaturge (level 9, 0/57 HPs)
             Began as a Djinni Ice Elementalist on Apr 13, 2022.
             Slain by a howler monkey (2 damage)
             ... on level 5 of the Dungeon.
             The game lasted 00:31:26 (9664 turns).

101zpm the Thaumaturge (Djinni Ice Elementalist)    Turns: 9664, Time: 00:31:27

Health: 0/57       AC: 11    Str:  7    XL:     9   Next: 44%
Gold:   227        EV: 13    Int: 21    God:
                   SH:  0    Dex: 14

rFire   + + .      SeeInvis .   (no weapon)
rCold   x . .      Faith    .   (no shield)
rNeg    . . .      Spirit   .   a - +0 robe
rPois   ∞          Reflect  .   (no helmet)
rElec   .          Harm     .   t - +0 cloak
rCorr   .          Rampage  .   (no gloves)
Will    .....                   (boots unavailable)
Stlth   ++........              (no amulet)
HPRegen 0.19/turn               (no ring)
MPRegen 0.00/turn               (no ring)

@: ice-armoured, freezing walls, flying
A: sickness immunity, fire resistance 2, cold vulnerability 1, float, innate
caster, HP casting, extra vitality 1
a: no special abilities


You were on level 5 of the Dungeon.
You visited 1 branch of the dungeon, and saw 5 of its levels.
You also visited: Ossuary.

You collected 227 gold pieces.

Inventory:

Missiles
 i - 6 silver boomerangs
 q - 146 stones
 r - 20 arrows
 s - 47 sling bullets
Armour
 a - a +0 robe (worn)
 e - a +0 cloak
 t - a +0 cloak (worn)
Jewellery
 f - a +4 ring of protection
 m - a +6 ring of dexterity
 w - a +6 ring of dexterity
Wands
 l - a wand of polymorph (5)
 n - a wand of flame (1) (quivered)
Scrolls
 b - a scroll of teleportation {unknown}
 g - 3 scrolls of fog
 k - 2 scrolls of vulnerability
 p - a scroll of amnesia {unknown}
 u - 2 scrolls of enchant weapon {unknown}
 y - a scroll of fear {unknown}
Potions
 c - a potion of attraction {unknown}
 d - 3 potions of heal wounds
 h - 2 potions of magic
 j - a potion of lignification {unknown}
 o - 2 potions of curing {unknown}
 v - a potion of degeneration {unknown}
 x - 2 potions of mutation {unknown}
 z - a potion of haste {unknown}
 A - 2 potions of invisibility
 B - a potion of resistance {unknown}


   Skills:
 + Level 1.1 Fighting
 + Level 3.6 Dodging
 + Level 3.3 Stealth
 + Level 8.6 Spellcasting
 + Level 3.0 Evocations


You had 6 spell levels left.
You knew the following spells:

 Your Spells              Type           Power      Damage    Failure   Level
a - Freeze                Ice            100%       1d11      1%          1
b - Frozen Ramparts       Ice            90%        1d11      1%          3
c - Ozocubu's Armour      Ice            45%        N/A       1%          3
d - Hailstorm             Conj/Ice       45%        3d10      1%          4
e - Pain                  Necr           100%       1d9       1%          1
f - Searing Ray           Conj           90%        2d7       1%          2
g - Corpse Rot            Necr/Air       90%        N/A       1%          2
h - Dazzling Flash        Conj/Hex       90%        N/A       1%          3
Your spell library was empty.

Dungeon Overview and Level Annotations

Branches:
Dungeon (5/15)             Temple (0/1) D:4         Ossuary (visited)

Altars:


Innate Abilities, Weirdness & Mutations

You are immune to sickness and miasma.
You are immune to poison.
Your flesh is very heat resistant. (rF++)
You are vulnerable to cold. (rC-)
You float through the air rather than walking.
You learn spells naturally, not from books.
Your magical power is your life essence.
You have superior vitality. (+4 MHP)


Message History

The wall freezes the ice beast but does no damage.
The ice beast hits you but does no damage.
The howler monkey hoots and howls with incredible vigour!
Aiming: Throw Flame
Press: ? - help, Q - select action, (/) - cycle Shift-Dir - straight line, f/p - ice beast
Aim: an ice beast (lightly wounded, 71% to hit)
The puff of flame hits the ice beast!
The ice beast melts!
The ice beast is severely wounded.
The ice beast completely resists.
The wall freezes the ice beast but does no damage.
The ice beast hits you but does no damage.
Aiming: Throw Flame
Press: ? - help, Q - select action, (/) - cycle Shift-Dir - straight line, f/p - ice beast
Aim: an ice beast (heavily wounded, 71% to hit)
The puff of flame hits the ice beast.
The ice beast melts!
The ice beast is severely wounded.
The ice beast completely resists.
The wall freezes the ice beast but does no damage.
The ice beast closely misses you.
The wall freezes the howler monkey.
A hound comes into view.
Aiming: Throw Flame
Press: ? - help, Q - select action, (/) - cycle Shift-Dir - straight line, f/p - ice beast
Aim: an ice beast (severely wounded, 71% to hit)
The puff of flame hits the ice beast!
The ice beast melts!
You kill the ice beast!
The hound barks!
The wall freezes the howler monkey.
Aiming: Throw Flame
Press: ? - help, Q - select action, (/) - cycle Shift-Dir - straight line, f - howler monkey
Aim: a howler monkey (moderately wounded, 68% to hit)
Okay, then.
Casting: Ozocubu's Armour (safe; 1% risk of failure)
Confirm with . or Enter, or press ? or * to list all spells.
Aiming: Pain (safe; 1% risk of failure)
Press: ? - help, Shift-Dir - straight line, f - howler monkey
Aim: a howler monkey (moderately wounded, chance to affect: 88%)
The howler monkey writhes in agony.
* * * LOW HITPOINT WARNING * * *
The wall freezes the howler monkey.
The howler monkey hits you.
You die...

#).....#.#.###.#.#
#......#.#.# #.#.#
#......#.#.###.#.#
####...#.......#.##
##..#.#.#####..######
#..#................
#..###.#####.###.###
####..###.#.....# ..
#......##.#.##.@# #
#....>.##.#
#.†h.⌠⌠⌠..
#......##.#
#..#$.⌠..#
#......##..
...#.....# #......##.
#h### #.### ########
.. 8.. ./. ..# ...(
8.


You could see a howler monkey and a hound.

Vanquished Creatures
  Sigmund (D:2)
  Menkaure (D:5)
  Duvessa (D:5)
  An orc warrior (D:4)
  3 ice beasts (D:5)
  2 black bears (D:5)
  A phantom (D:5)
  A gnoll sergeant (D:5)
  A water moccasin zombie (D:5)
  Dowan (D:5)
  3 centaur zombies (Ossuary)
  A jelly (D:4)
  2 bullfrog skeletons (D:4)
  3 hounds
  Crazy Yiuf (D:2)
  A gnoll shaman (D:3)
  Terence (D:2)
  3 iguanas (D:5)
  Natasha (twice) (D:4)
  5 mummies (Ossuary)
  Robin (D:2)
  10 gnolls
  5 adders
  3 ufetubi
  An adder skeleton (D:2)
  4 dart slugs
  5 orcs
  3 ball pythons
  2 bats
  5 endoplasms
  3 giant cockroaches
  15 goblins
  12 hobgoblins
  2 quokkas
  4 frilled lizards
  A goblin zombie (D:5)
  5 hobgoblin zombies (Ossuary)
  10 kobolds
  A quokka zombie (D:5)
  2 rats
129 creatures vanquished.

Notes
Turn   | Place    | Note
-------+----------+-------------------------------------------
     0 | D:1      | 101zpm the Djinni Ice Elementalist began the quest for the
                  | Orb.
     0 | D:1      | Reached XP level 1. HP: 15/15 MP: 0/0
   271 | D:1      | Reached XP level 2. HP: 18/21 MP: 0/0
   541 | D:2      | Noticed Terence
   553 | D:2      | Noticed Robin
   924 | D:4      | Noticed an orc warrior
  1179 | D:3      | Reached XP level 3. HP: 18/25 MP: 0/0
  1179 | D:3      | Learned a level 1 spell: Pain
  1184 | D:3      | Reached skill level 4 in Spellcasting
  1184 | D:3      | Reached XP level 4. HP: 8/31 MP: 0/0
  1726 | D:2      | Noticed Sigmund
  1982 | D:3      | Reached XP level 5. HP: 4/35 MP: 0/0
  1982 | D:3      | Learned a level 2 spell: Searing Ray
  2767 | D:2      | Killed Sigmund
  2768 | D:2      | Reached skill level 5 in Spellcasting
  2768 | D:2      | Reached XP level 6. HP: 25/40 MP: 0/0
  3131 | D:2      | Found a runed translucent door.
  3132 | D:2      | Noticed Crazy Yiuf
  3248 | D:2      | Killed Robin
  3945 | D:2      | Killed Terence
  3946 | D:2      | Reached XP level 7. HP: 26/45 MP: 0/0
  3946 | D:2      | Learned a level 2 spell: Corpse Rot
  5300 | D:2      | Killed Crazy Yiuf
  5722 | D:4      | Reached skill level 6 in Spellcasting
  5892 | D:4      | Found a staircase to the Ecumenical Temple.
  6005 | D:4      | Noticed Natasha
  6009 | D:4      | Killed Natasha
  7213 | D:4      | Noticed Natasha
  7215 | D:4      | Killed Natasha
  7346 | D:5      | Entered Level 5 of the Dungeon
  7371 | D:5      | Reached XP level 8. HP: 36/51 MP: 0/0
  7482 | D:5      | Reached skill level 7 in Spellcasting
  7710 | D:5      | Found a sand-covered staircase.
  7717 | Ossuary  | Entered an ossuary
  8274 | Ossuary  | Reached skill level 1 in Fighting
  8408 | Ossuary  | Reached skill level 1 in Evocations
  8629 | D:5      | Noticed Menkaure
  8635 | D:5      | Killed Menkaure
  8989 | D:5      | Reached XP level 9. HP: 37/57 MP: 0/0
  8989 | D:5      | Learned a level 3 spell: Dazzling Flash
  9378 | D:5      | Noticed Duvessa
  9391 | D:5      | Killed Duvessa
  9392 | D:5      | Reached skill level 8 in Spellcasting
  9394 | D:5      | Noticed Dowan
  9436 | D:5      | Killed Dowan
  9664 | D:5      | Slain by a howler monkey

Illustrated notes

Levels and vault maps discovered:
D:1:      minmay_arrival_up_and_down, layout_basic
D:2:      layout_basic, uniq_terence, uniq_crazy_yiuf_cottage, uniq_sigmund,
          uniq_robin
D:3:      layout_loops_ring
D:4:      layout_loops_corners, minmay_temple_entry_offerings, uniq_natasha
D:5:      layout_basic, enter_ossuary_4, minmay_chambers_of_fives, uniq_duvessa,
          uniq_menkaure

Skill      XL: |  1  2  3  4  5  6  7  8  9 |
---------------+----------------------------+-----
Spellcasting   | 4 5 6 7 8 |  8.6
Stealth        | 2 3 |  3.3
Dodging        | 3 |  3.6
Fighting       | 1 |  1.1
Evocations     | 2 3 |  3.0

Action                   |  1- 3 |  4- 6 |  7- 9 || total
-------------------------+-------+-------+-------++-------
Melee: Unarmed           |     2 |     5 |     1 ||     8
 Cast: Freeze            |    26 |     3 |     1 ||    30
       Pain              |     2 |    11 |    32 ||    45
       Frozen Ramparts   |     1 |    26 |    46 ||    73
       Ozocubu's Armour  |       |     2 |     5 ||     7
       Searing Ray       |       |    20 |    89 ||   109
Evoke: Wand              |       |       |    29 ||    29
  Use: Scroll            |       |       |     5 ||     5
Armor: Robe              |     6 |     6 |    30 ||    42
Dodge: Dodged            |    13 |    16 |    67 ||    96
